 Dungeon Crawl Stone Soup version 0.32-a0-933-ga8fa3634e4 (webtiles) character file.

Game seed: 8362793270775522347

64 Biggs the Ruffian (level 3, -2/36 HPs)
             Began as a Troll Fighter on Apr 15, 2024.
             Slain by Sigmund
             ... wielding a +0 scythe
              (5 damage)
             ... on level 3 of the Dungeon.
             The game lasted 00:02:54 (489 turns).

Biggs the Ruffian (Troll Fighter)                    Turns: 489, Time: 00:02:55

Health: -2/36      AC:  4    Str: 26    XL:     3   Next: 91%
Magic:  2/2        EV:  7    Int:  4    God:
Gold:   4          SH:  0    Dex:  9    Spells: 2/2 levels left

rFire   . .          .
                       - Unarmed
rCold   + . .        b - +0 kite shield
rNeg    . . .        a - +0 robe
rPois   .            (helmet restricted)
rElec   .            (no cloak)
rCorr   .            (gloves unavailable)
SInv    .            (boots unavailable)
Will    .....        (no amulet)
Stlth   +            i - ring of protection from cold
HPRegen 1.06/turn    (no ring)
MPRegen 0.08/turn

%: no passive effects
@: confused
A: large, unfitting armour, claws 3, regeneration 1, shaggy fur 1, tough skin 1
a: no special abilities


You were on level 3 of the Dungeon.
You visited 1 branch of the dungeon, and saw 3 of its levels.

You collected 4 gold pieces.

Inventory:

Armour
 a - a +0 robe (worn)
 b - a +0 kite shield (worn)
Jewellery
 i - a ring of protection from cold (left claw)
Wands
 j - a wand of flame (15)
Scrolls
 e - a scroll of brand weapon {unknown}
 h - a scroll of enchant weapon {unknown}
Potions
 c - 2 potions of might
 d - a potion of magic {unknown}
 f - a potion of degeneration {unknown}
 g - a potion of brilliance {unknown}


   Skills:
 - Level 2.4 Fighting
 - Level 2.4 Dodging
 - Level 2.6 Shields
 + Level 4.3 Unarmed Combat


You had 2 spell levels left.
You didn't know any spells.
Your spell library was empty.

Dungeon Overview and Level Annotations

Branches:
Dungeon (3/15)

Altars:

Annotations:
D:3 Sigmund


Innate Abilities, Weirdness & Mutations

You are too large for most types of armour.
You have claws for hands.
Your natural rate of healing is unusually fast.
You are covered in fur. (AC +1)
You have tough skin. (AC +1)


Message History

The bat hits you. The kobold barely misses you. The frilled lizard bites you.
You block Sigmund's attack. The kobold hits you with a +0 whip.
* * * LOW HITPOINT WARNING * * *
The frilled lizard bites you but does no damage.
Unknown command.
You closely miss Sigmund.
Sigmund is heavily wounded.
You block the bat's attack. The kobold closely misses you.
The frilled lizard bites you.
* * * LOW HITPOINT WARNING * * *
Sigmund barely misses you.
Unknown command.
Unknown command.
You scratch Sigmund.
Sigmund is severely wounded.
You block the bat's attack. x2; The kobold hits you with a +0 whip.
* * * LOW HITPOINT WARNING * * *
The frilled lizard bites you but does no damage.
Unknown command.
Unknown command.
You barely miss Sigmund.
Sigmund is severely wounded.
The bat hits you but does no damage. Sigmund casts a spell at you.
You are confused.
The frilled lizard closely misses you. The kobold hits you with a +0 whip.
* * * LOW HITPOINT WARNING * * *
Unknown command.
Sigmund hits you from afar with a +0 scythe.
* * * LOW HITPOINT WARNING * * *
The frilled lizard barely misses you. The kobold closely misses you.
Unknown command.
Unknown command.
Unknown command.
The bat attacks as it pursues you! The bat hits you but does no damage. x2
The kobold attacks as it pursues you! The kobold hits you but does no damage.
The frilled lizard barely misses you. Sigmund attacks as he pursues you!
Sigmund hits you from afar with a +0 scythe.
You die...
Sigmund begins carving another notch in his scythe.

##### ....###########
....##........########
.....................#####
....##........####........
.####..#...#### ##b#......
..#...#....######.........
....###.#..#....@l@.......
)†......#........K........
..........#...............
..........................
......#######.............
......# #...####......
......# ###. ......
......# ## ### ......#


You could see Sigmund, a bat, a kobold and a frilled lizard.

Vanquished Creatures
  2 adders (D:3)
  2 ufetubi (D:3)
  A ribbon worm (D:3)
  2 dart slugs
  6 ball pythons
  5 bats
  An endoplasm (D:3)
  2 giant cockroaches
  2 goblins
  A hobgoblin (D:1)
  2 kobolds
  2 quokkas (D:1)
  2 frilled lizards
  3 rats (D:1)
33 creatures vanquished.

Notes
Turn   | Place    | Note
-------+----------+-------------------------------------------
     0 | D:1      | Biggs the Troll Fighter began the quest for the Orb.
     0 | D:1      | Reached XP level 1. HP: 22/22 MP: 0/0
    47 | D:1      | Reached XP level 2. HP: 29/29 MP: 1/1
   161 | D:1      | Reached skill level 3 in Unarmed Combat
   312 | D:3      | Found a faded altar of an unknown god.
   331 | D:3      | Reached XP level 3. HP: 36/36 MP: 2/2
   419 | D:3      | Reached skill level 4 in Unarmed Combat
   468 | D:3      | Noticed Sigmund
   489 | D:3      | Slain by Sigmund

Illustrated notes

Levels and vault maps discovered:
D:1:      amcnicky_arrival_underground_garden, layout_rooms, minmay_bisected
D:2:      minmay_wonky_spiral, layout_loops_corners
D:3:      cheibrodos_pilgrimage, layout_rooms, mainiacjoe_overflow_alcove_2,
          nicolae_ecumenical_snake_handling, uniq_sigmund

Skill      XL: |  1  2  3 |
---------------+----------+-----
Unarmed Combat | 3 4 |  4.3
Fighting       | |  2.4
Dodging        | |  2.4
Shields        | |  2.6

Action                     || total
---------------------------++-------
  Melee: Unarmed           ||   106
 Armour: Robe              ||   136
  Dodge: Dodged            ||    78
  Block: Kite shield       ||    79

Table legend: (Time is in decaauts)
 A = Elapsed time spent in this place.
 B = Non-inter-level travel time spent in this place.
 C = Inter-level travel time spent in this place.
 D = Time resting spent in this place.
 E = Time spent auto-exploring this place.
 F = Levels seen in this place.
 G = Mean time per level.
                   A        B        C        D        E       F      G
               +--------+--------+--------+--------+--------+-----+--------+
         Total |    494 |    494 |      0 |      0 |      0 |   3 |  164.7 |
       Dungeon |    494 |    494 |      0 |      0 |      0 |   3 |  164.7 |
               +--------+--------+--------+--------+--------+-----+--------+

Top non-repeatable levels by time:
     D:3: 197 daAuts
     D:1: 182 daAuts
     D:2: 113 daAuts
